 Dungeon Crawl Stone Soup version 0.30-a0-782-ge64f9170bb (webtiles) character file.

Game seed: 2731608886919625522

239 epen the Grasshopper (level 6, 0/50 HPs)
             Began as a Gnoll Warper on Mar 2, 2023.
             Killed by nerve-wracking pain
             ... invoked by a shadow imp
             ... summoned by Natasha
              (9 damage)
             ... on level 4 of the Dungeon.
             The game lasted 00:04:01 (3630 turns).

epen the Grasshopper (Gnoll Warper)                 Turns: 3630, Time: 00:04:01

Health: 0/50       AC:  5    Str: 10    XL:     6   Next: 7%
Magic:  14/14      EV: 12    Int: 12    God:
Gold:   83         SH:  0    Dex: 14    Spells: 13/15 levels left

rFire   . . .      SeeInvis +    a - +0 falchion
rCold   + . .      Faith    .    (no shield)
rNeg    . . .      Spirit   .    u - +0 ring mail
rPois   .          Reflect  .    (no helmet)
rElec   .          Harm     .    (no cloak)
rCorr   .          Rampage  .    (no gloves)
Will    .....                    (no boots)
Stlth   +                        (no amulet)
HPRegen 0.28/turn                p - ring of protection from cold
MPRegen 0.14/turn                v - ring of see invisible

@: attractive
A: fangs 1, strong nose, distributed training
a: no special abilities


You were on level 4 of the Dungeon.
You visited 1 branch of the dungeon, and saw 4 of its levels.

You collected 137 gold pieces.
You spent 54 gold pieces at shops.

Inventory:

Hand Weapons
 a - a +0 falchion (weapon)
Missiles
 t - 3 boomerangs (quivered)
Armour
 b - a +0 leather armour
 u - a +0 ring mail (worn)
Jewellery
 p - a ring of protection from cold (left hand)
 v - a ring of see invisible (right hand)
Scrolls
 c - 2 scrolls of blinking
 g - 3 scrolls of identify
 h - a scroll of enchant weapon {unknown}
 j - a scroll of fog
 k - 2 scrolls of teleportation
 l - 2 scrolls of torment
 m - 4 scrolls of fear {unknown}
 r - 4 scrolls of immolation {unknown}
 s - a scroll of poison {unknown}
Potions
 f - a potion of resistance
 q - a potion of degeneration {unknown}


   Skills:
 + Level 4.9 Fighting
 + Level 1.8 Short Blades
 + Level 4.9 Long Blades
 + Level 1.8 Axes
 + Level 1.8 Maces & Flails
 + Level 1.8 Polearms
 + Level 1.8 Staves
 + Level 1.8 Ranged Weapons
 + Level 3.2 Throwing
 + Level 3.2 Armour
 + Level 4.9 Dodging
 + Level 1.8 Stealth
 + Level 1.8 Shields
 + Level 1.8 Unarmed Combat
 + Level 5.3 Spellcasting
 + Level 1.4 Conjurations
 + Level 1.4 Hexes
 + Level 1.4 Summonings
 + Level 1.4 Necromancy
 + Level 5.6 Translocations
 + Level 1.4 Transmutations
 + Level 1.4 Fire Magic
 + Level 1.4 Ice Magic
 + Level 1.4 Air Magic
 + Level 1.4 Earth Magic
 + Level 1.4 Poison Magic
 + Level 2.0 Invocations
 + Level 1.8 Evocations


You had 13 spell levels left.
You knew the following spells:

 Your Spells              Type           Power      Damage    Failure   Level
a - Blink                 Tloc           32%        N/A       7%          2

Your spell library contained the following spells:

 Spells                   Type           Power      Damage    Failure   Level
 Lesser Beckoning         Tloc           32%        N/A       7%          2
 Teleport Other           Tloc           16%        N/A       14%         3
 Freeze                   Ice            24%        1d4       26%         1
 Sting                    Tmut/Pois      24%        1d4       26%         1
 Vhi's Electric Charge    Tloc/Air       22%        N/A       32%         3
 Poisonous Vapours        Pois/Air       12%        N/A       36%         2
 Scorch                   Fire           12%        2d6       36%         2
 Kindle Blastsparks       Fire/Tloc/Air  20%        2d11      41%         3
 Manifold Assault         Tloc           16%        N/A       43%         4
 Frozen Ramparts          Ice            12%        1d2       61%         3
 Hailstorm                Conj/Ice       6%         3d4       61%         3
 Anguish                  Hex/Necr       3%         N/A       95%         4
 Olgreb's Toxic Radiance  Pois           6%         N/A       95%         4
 Lightning Bolt           Conj/Air       3%         1d14      100%        5
 Enfeeble                 Hex            3%         N/A       100%        7


Dungeon Overview and Level Annotations

Branches:
Dungeon (4/15)
 Temple: D:4-7

Altars:

Shops:
D:2 *

Annotations:
D:4 Natasha


Innate Abilities, Weirdness & Mutations

You have very sharp teeth.
Your uncanny sense of smell can sniff out nearby items.
Your experience applies equally to all skills.


Message History

Natasha barely misses you. The iron imp hits you!
The shadow imp barely misses you. Natasha closely misses you.
The iron imp misses you. The shadow imp barely misses you.
You hit Natasha.
Natasha is severely wounded.
The crimson imp disappears in a puff of smoke!
Natasha claws you but does no damage. The shadow imp gestures at you.
Pain shoots through your body!
* * * LOW HITPOINT WARNING * * *
The iron imp misses you.
You closely miss Natasha. You bite Natasha.
Natasha is severely wounded.
The iron imp disappears in a puff of smoke!
Natasha mumbles some strange words.
The shadow imp closely misses you. Natasha claws you.
* * * LOW HITPOINT WARNING * * *
The shadow imp closely misses you.
It was a potion of attraction.
You feel attractive to monsters. Natasha barely misses you.
The shadow imp barely misses you.
Natasha stares at you and mumbles some strange words.
The magic dart hits you.
* * * LOW HITPOINT WARNING * * *
It was a potion of magic.
Magic courses through your body.
The shadow imp hits you but does no damage.
Natasha claws you but does no damage.
The shadow imp hits you but does no damage.
The shadow imp gestures at you. Pain shoots through your body!
* * * LOW HITPOINT WARNING * * *
The shadow imp is attracted toward you.
It was a potion of curing.
You feel better.
You feel yourself speed up.
Natasha stares at you and mumbles some strange words.
The magic dart hits you.
* * * LOW HITPOINT WARNING * * *
The shadow imp gestures at you. Pain shoots through your body!
You die...

#.##
#..##
###
##..#
#...#
#..##
#..##
#...#
##..##
##..##
##5@#
##5h#
#.ยง..
##....#
....#
...##
...#
...#


You could see Natasha and 2 shadow imps.

Vanquished Creatures
  Jessica (D:3)
  An orc wizard (D:2)
  Robin (D:2)
  7 adders
  A gnoll (D:2)
  2 worms
  3 dart slugs
  4 orcs
  6 endoplasms
  2 giant cockroaches (D:2)
  15 goblins
  7 hobgoblins
  A jackal (D:2)
  13 kobolds
  A quokka (D:2)
  6 ball pythons
  5 bats
  6 frilled lizards
  5 rats
87 creatures vanquished.

Vanquished Creatures (others)
  6 fungi (D:2)
6 creatures vanquished.

Grand Total: 93 creatures vanquished

Notes
Turn   | Place    | Note
-------+----------+-------------------------------------------
     0 | D:1      | epen the Gnoll Warper began the quest for the Orb.
     0 | D:1      | Reached XP level 1. HP: 20/20 MP: 6/6
   187 | D:1      | Reached XP level 2. HP: 24/26 MP: 7/7
   262 | D:1      | Got the Guidebook on Flammable Arcane Weapons
   401 | D:1      | Reached skill level 5 in Spellcasting
   401 | D:1      | Reached XP level 3. HP: 27/31 MP: 7/9
   448 | D:1      | You fall into a shaft and drop 1 floor!
   448 | D:2      | Found Bato's Assorted Antiques.
   450 | D:2      | Bought a scroll labelled OTUF KOINYGYET for 27 gold pieces
   450 | D:2      | Bought a scroll labelled ADUBIQECSAPS for 27 gold pieces
   684 | D:2      | Reached skill level 1 in Invocations
   691 | D:2      | Noticed Robin
   995 | D:2      | Learned a level 2 spell: Blink
  1021 | D:2      | Reached skill level 1 in Short Blades
  1021 | D:2      | Reached skill level 1 in Axes
  1021 | D:2      | Reached skill level 1 in Maces & Flails
  1021 | D:2      | Reached skill level 1 in Polearms
  1021 | D:2      | Reached skill level 1 in Staves
  1021 | D:2      | Reached skill level 1 in Ranged Weapons
  1021 | D:2      | Reached skill level 1 in Stealth
  1021 | D:2      | Reached skill level 1 in Shields
  1021 | D:2      | Reached skill level 1 in Unarmed Combat
  1021 | D:2      | Reached skill level 1 in Evocations
  1306 | D:2      | Reached XP level 4. HP: 14/38 MP: 11/11
  1581 | D:2      | Reached skill level 1 in Conjurations
  1581 | D:2      | Reached skill level 1 in Hexes
  1581 | D:2      | Reached skill level 1 in Summonings
  1581 | D:2      | Reached skill level 1 in Necromancy
  1581 | D:2      | Reached skill level 1 in Transmutations
  1581 | D:2      | Reached skill level 1 in Fire Magic
  1581 | D:2      | Reached skill level 1 in Ice Magic
  1581 | D:2      | Reached skill level 1 in Air Magic
  1581 | D:2      | Reached skill level 1 in Earth Magic
  1581 | D:2      | Reached skill level 1 in Poison Magic
  2056 | D:2      | Reached XP level 5. HP: 43/43 MP: 12/12
  2228 | D:2      | Killed Robin
  2685 | D:3      | Found a faded altar of an unknown god.
  2970 | D:3      | Noticed Jessica
  2979 | D:3      | Killed Jessica
  2980 | D:3      | Reached XP level 6. HP: 24/50 MP: 13/13
  3608 | D:4      | Noticed Natasha
  3630 | D:4      | Killed from afar by a shadow imp

Illustrated notes

Levels and vault maps discovered:
D:1:      lightli_arrival_windingriver, layout_rooms, minmay_octomino_j4
D:2:      minmay_razor_zed, layout_loops_ring, serial_shops, nicolae_shop_trees,
          corexii_corridor_pit, minmay_shallow_snake_nest, uniq_robin
D:3:      layout_loops_ring, hellmonk_ecumenical_altar_arch_garden, uniq_jessica
D:4:      layout_layer_cave, uniq_natasha, uniq_edmund

Skill      XL: |  1  2  3  4  5 |
---------------+----------------+-----
Spellcasting   | 5 |  5.3
Invocations    | 1 2 |  2.0
Short Blades   | 1 |  1.8
Axes           | 1 |  1.8
Maces & Flails | 1 |  1.8
Polearms       | 1 |  1.8
Staves         | 1 |  1.8
Ranged Weapons | 1 |  1.8
Stealth        | 1 |  1.8
Shields        | 1 |  1.8
Unarmed Combat | 1 |  1.8
Evocations     | 1 |  1.8
Conjurations   | 1 |  1.4
Hexes          | 1 |  1.4
Summonings     | 1 |  1.4
Necromancy     | 1 |  1.4
Transmutations | 1 |  1.4
Fire Magic     | 1 |  1.4
Ice Magic      | 1 |  1.4
Air Magic      | 1 |  1.4
Earth Magic    | 1 |  1.4
Poison Magic   | 1 |  1.4
Throwing       | 3 |  3.2
Armour         | 3 |  3.2
Fighting       | |  4.9
Long Blades    | |  4.9
Dodging        | |  4.9
Translocations | |  5.6

Action                     |  1- 3 |  4- 6 || total
---------------------------+-------+-------++-------
  Melee: Falchion          |   120 |   181 ||   301
         Bite              |    15 |    17 ||    32
         Punch             |     1 |     7 ||     8
  Throw: Boomerang         |       |    10 ||    10
    Use: Scroll            |     6 |       ||     6
         Potion            |       |     4 ||     4
   Stab: Sleeping          |     1 |     1 ||     2
 Armour: Leather armour    |    28 |    11 ||    39
         Ring mail         |       |    36 ||    36
  Dodge: Dodged            |    78 |   154 ||   232

Table legend: (Time is in decaauts)
 A = Elapsed time spent in this place.
 B = Non-inter-level travel time spent in this place.
 C = Inter-level travel time spent in this place.
 D = Time resting spent in this place.
 E = Time spent auto-exploring this place.
 F = Levels seen in this place.
 G = Mean time per level.
                   A        B        C        D        E       F      G
               +--------+--------+--------+--------+--------+-----+--------+
         Total |   3661 |   3431 |    230 |    504 |   2279 |   4 |  915.2 |
       Dungeon |   3661 |   3431 |    230 |    504 |   2279 |   4 |  915.2 |
               +--------+--------+--------+--------+--------+-----+--------+

Top non-repeatable levels by time:
     D:2: 1716 daAuts
     D:3: 936 daAuts
     D:1: 841 daAuts
     D:4: 167 daAuts
